 Dungeon Crawl Stone Soup version 0.19-a0-821-gf489216 (webtiles) character file.

158 Gruud the Grave Robber (level 5, -3/35 HPs)
             Began as a Demonspawn Necromancer on June 29, 2016.
             Slain by Grinder (6 damage)
             ... on level 3 of the Dungeon.
             The game lasted 00:08:53 (2736 turns).

Gruud the Grave Robber (Demonspawn Necromancer)     Turns: 2736, Time: 00:08:54

Health: -3/35      AC:  3    Str:  9    XL:     5   Next: 16%
Magic:  9/9        EV: 12    Int: 17    God:
Gold:   137        SH:  0    Dex: 13    Spells: 4 memorised, 1 level left

rFire  . . .     SeeInvis .     a - +1 hand axe (vamp)
rCold  + . .     Gourm    .     o - +0 robe
rNeg   . . .     Faith    .     (no shield)
rPois  +         Spirit   .     (helmet restricted)
rElec  .         Dismiss  .     p - +0 cloak
rCorr  .         Reflect  .     (no gloves)
SustAt .         Harm     .     (no boots)
MR     +....                    (no amulet)
Stlth  ++........               v - ring of protection from magic
                                h - ring of poison resistance

@: somewhat resistant to hostile enchantments, unstealthy
A: horns 2, cold resistance 1, powered by death 1
a: no special abilities


You were on level 3 of the Dungeon.
You were not hungry.

You visited 1 branch of the dungeon, and saw 3 of its levels.

You collected 137 gold pieces.

Inventory:

Hand Weapons
 a - a +1 vampiric hand axe (weapon)
 l - a +0 whip
 n - a +1 mace of protection
 s - a +0 war axe
Armour
 o - a +0 robe (worn)
 p - a +0 cloak (worn)
Jewellery
 h - a ring of poison resistance (left hand)
 j - a +5 ring of strength
 v - a ring of protection from magic (right hand)
Scrolls
 e - a scroll of fear {unknown}
 f - a scroll of identify {unknown}
 g - 2 scrolls of enchant armour {unknown}
 k - 2 scrolls of random uselessness {unknown}
 q - a scroll of teleportation {unknown}
 u - a scroll of enchant weapon {unknown}
Potions
 d - 2 potions of curing {unknown}
 i - a potion of heal wounds {unknown}
 m - a potion of mutation {unknown}
Books
 b - a book of Necromancy

   Spells                             Type                      Level
   a - Pain                           Necromancy                   1
   b - Animate Skeleton               Necromancy                   1
   c - Vampiric Draining              Necromancy                   3
   d - Regeneration                   Charms/Necromancy            3
   e - Animate Dead                   Necromancy                   4
   f - Control Undead                 Necromancy                   4
Comestibles
 c - 3 bread rations
 r - a beef jerky
 t - 8 chunks of flesh


   Skills:
 * Level 1.8 Axes
 - Level 1.7 Dodging
 - Level 1.7 Stealth
 - Level 2.7 Spellcasting
 * Level 6.1 Necromancy


You had one spell level left.
You knew the following spells:

 Your Spells              Type           Power        Failure   Level  Hunger
a - Pain                  Necr           ###.         1%          1    #......
b - Animate Skeleton      Necr           N/A          1%          1    #......
c - Vampiric Draining     Necr           ###.......   6%          3    ###....
d - Regeneration          Chrm/Necr      ##........   17%         3    ###....


Dungeon Overview and Level Annotations

Branches:
Dungeon (3/15)

Altars:
Dithmenos

Annotations:
D:3 Grinder


Innate Abilities, Weirdness & Mutations

You have a pair of horns on your head.
Your flesh is cold resistant. (rC+)
You regenerate a little health from kills.


Message History

Grinder is heavily wounded.
Your jackal skeleton bites Grinder but does no damage.
Grinder hits you!
* * * LOW HITPOINT WARNING * * *
Your orc skeleton hits Grinder but does no damage.
Your rat skeleton barely misses Grinder.
You hit Grinder.
Grinder is heavily wounded.
Your jackal skeleton bites Grinder but does no damage.
Grinder completely misses you.
Your jackal skeleton barely misses Grinder.
Your orc skeleton hits Grinder with a flail!
Your rat skeleton barely misses Grinder.
Unknown command.
You hit Grinder.
Grinder is severely wounded.
Grinder closely misses you.
Your jackal skeleton bites Grinder but does no damage.
Grinder hits you.
You die...

#.#.#####.....<.###
######.#.....'....##.#
#
...........###....##.#
# #######.##.#
#....##.# #
#####.##'###....##.# #
#.........##....##.###
#......Z.)#####.##....
#..ZZZ....#####.##.###
##...5@....'...........
#..........#####'##.###
#..........# #.........
#..........# #......##.
#..........# #.........
#......##### #......##.
#......# #......##.
######## #......##.
#......##.


You could see Grinder, a friendly rat skeleton, a friendly jackal skeleton, a
friendly orc skeleton and a friendly orc skeleton (paralysed).

Vanquished Creatures
  An orc priest (D:3)
  6 gnolls (D:2)
  An ooze (D:1)
  2 dart slugs
  3 giant geckos
  3 orcs (D:3)
  A ball python (D:1)
  9 bats
  A giant cockroach (D:2)
  7 goblins
  5 hobgoblins
  6 jackals
  5 kobolds
  A quokka (D:2)
  2 giant newts
  8 rats
61 creatures vanquished.

Vanquished Creatures (collateral kills)
  A giant newt (D:2)
  A rat (D:3)
2 creatures vanquished.

Grand Total: 63 creatures vanquished

Notes
Turn   | Place    | Note
--------------------------------------------------------------
     0 | D:1      | Gruud the Demonspawn Necromancer began the quest for the Orb.
     0 | D:1      | Reached XP level 1. HP: 13/13 MP: 3/3
     2 | D:1      | Learned a level 1 spell: Animate Skeleton
   112 | D:1      | Gained mutation: You have a pair of small horns on your head. [demonic ancestry]
   112 | D:1      | Reached XP level 2. HP: 8/19 MP: 0/5
   689 | D:1      | Reached skill level 5 in Necromancy
  1113 | D:1      | Gained mutation: You regenerate a little health from kills. [demonic ancestry]
  1113 | D:1      | Reached XP level 3. HP: 24/24 MP: 4/6
  1118 | D:1      | Learned a level 3 spell: Vampiric Draining
  1667 | D:2      | Found a shadowy altar of Dithmenos.
  1941 | D:2      | Gained mutation: Your flesh is cold resistant. (rC+) [demonic ancestry]
  1941 | D:2      | Reached XP level 4. HP: 23/30 MP: 0/8
  2033 | D:2      | Learned a level 3 spell: Regeneration
  2128 | D:2      | Reached skill level 1 in Axes
  2499 | D:3      | Noticed Grinder
  2672 | D:3      | Reached skill level 6 in Necromancy
  2674 | D:3      | Gained mutation: You have a pair of horns on your head. [demonic ancestry]
  2674 | D:3      | Reached XP level 5. HP: 35/35 MP: 9/9
  2736 | D:3      | Slain by Grinder

Vault maps used:
D:1:      shiori_arrival_maze
D:2:      first_bread, grunt_dithmenos_smoke_and_mirrors
D:3:      ecumenical_altar_2, uniq_grinder

Skill      XL: |  1  2  3  4 |
---------------+-------------+-----
Necromancy     | 5 6 |  6.1
Axes           | 1 |  1.8
Dodging        | |  1.7
Stealth        | |  1.7
Spellcasting   | |  2.7

Action                   |  1- 3 |  4- 6 || total
-------------------------+-------+-------++-------
Melee: Unarmed           |    27 |       ||    27
       Headbutt          |     6 |     5 ||    11
       Whip              |    19 |       ||    19
       Mace              |    11 |       ||    11
       Hand axe          |     2 |    42 ||    44
 Cast: Pain              |    56 |     5 ||    61
       Animate Skeleton  |    10 |     9 ||    19
       Vampiric Draining |       |     4 ||     4
       Regeneration      |       |     2 ||     2
 Stab: Sleeping          |     4 |     1 ||     5
  Eat: Chunk             |     3 |     2 ||     5
       Meat ration       |     1 |       ||     1
       Pizza             |     1 |       ||     1
Armor: Robe              |    22 |    11 ||    33
Dodge: Dodged            |    50 |    29 ||    79
